 Dungeon Crawl Stone Soup version 0.19-a0-1254-gb9c29c0 (webtiles) character file.

237 Kidiri the Magician (level 5, -2/28 HPs)
             Began as a Deep Elf Fire Elementalist on Aug 27, 2016.
             Slain by Grinder (5 damage)
             ... on level 4 of the Dungeon.
             The game lasted 00:10:55 (3452 turns).

Kidiri the Magician (Deep Elf Fire Elementalist)    Turns: 3452, Time: 00:10:55

Health: -2/28      AC:  4    Str:  7    XL:     5   Next: 77%
Magic:  14/14      EV: 13    Int: 21    God:
Gold:   127        SH:  0    Dex: 15    Spells: 5 memorised, 4 levels left

rFire  . . .     SeeInvis .     h - +1 dagger
rCold  . . .     Gourm    .     a - +2 robe
rNeg   . . .     Faith    .     (no shield)
rPois  .         Spirit   .     (no helmet)
rElec  +         Dismiss  .     (no cloak)
rCorr  .         Reflect  .     (no gloves)
MR     .....     Harm     .     (no boots)
Stlth  ++........               n - amulet of inaccuracy (curse)
                                (no ring)
                                (no ring)

@: no status effects
A: hooves 1, low mp 1, electricity resistance, slow regeneration 1, strong 1
a: no special abilities


You were on level 4 of the Dungeon.
You were not hungry.

You visited 1 branch of the dungeon, and saw 4 of its levels.

You collected 127 gold pieces.

Inventory:

Hand Weapons
 h - a +1 dagger (weapon)
Armour
 a - a +2 robe (worn)
 e - a +0 buckler
Jewellery
 n - a cursed amulet of inaccuracy (around neck)
Scrolls
 r - a scroll of immolation
 s - a scroll of remove curse
Potions
 d - a potion of might
 i - a potion of agility
 k - a potion of lignification {unknown}
 l - a potion of curing {unknown}
 p - a potion of invisibility {unknown}
Books
 b - a book of Flames

   Spells                             Type                      Level
   a - Flame Tongue                   Conjuration/Fire             1
   b - Throw Flame                    Conjuration/Fire             2
   c - Conjure Flame                  Conjuration/Fire             3
   d - Inner Flame                    Hexes/Fire                   3
   e - Sticky Flame                   Conjuration/Fire             4
   f - Fireball                       Conjuration/Fire             5
Comestibles
 c - 4 bread rations
 f - a fruit
 m - a beef jerky
 o - a slice of pizza
 q - a meat ration


   Skills:
 - Level 2.4 Dodging
 - Level 2.4 Stealth
 * Level 6.5 Spellcasting
 + Level 2.9 Conjurations
 + Level 4.4 Fire Magic


You had 4 spell levels left.
You knew the following spells:

 Your Spells              Type           Power        Failure   Level  Hunger
a - Flame Tongue          Conj/Fire      ###..        1%          1    None
b - Throw Flame           Conj/Fire      ###...       3%          2    None
c - Conjure Flame         Conj/Fire      ###.....     10%         3    #......
d - Inner Flame           Hex/Fire       ###.....     14%         3    #......
e - Sticky Flame          Conj/Fire      ###.....     24%         4    ###....


Dungeon Overview and Level Annotations

Branches:
Dungeon (4/15)
 Temple: D:4-7

Altars:
Okawaru
Sif Muna

Annotations:
D:4 Grinder


Innate Abilities, Weirdness & Mutations

You have large cloven feet.
Your magical capacity is low. (-10% MP)
You are resistant to electric shocks. (rElec)
You regenerate slowly when monsters are visible.
Your muscles are strong. (Str +2)


Message History

Confirm with . or Enter, or press ? or * to list all spells.
Aiming: Flame Tongue
Press: ? - help, Shift-Dir - straight line, f/p - orc priest
Aim: an orc priest, wielding a short sword and wearing a leather armour (severely wounded, covered in liquid flames)
The flame tongue hits the orc priest.
The orc priest appears unharmed.
The orc priest is severely wounded.
The orc priest burns!
You kill the orc priest!
Unknown command.
Grinder comes into view.
Things that are here:
a short sword; a leather armour; an orc corpse You butcher the orc corpse.
Grinder misses you.
Things that are here:
a short sword; a leather armour; 4 chunks of flesh Unknown command.
It was a potion of magic.
Magic courses through your body. Grinder hits you.
* * * LOW HITPOINT WARNING * * *
You writhe in agony.
You die...

### ...
#####.#
.....####
#))......
#########5#
.......(@)#
###########


You could see Grinder.

Vanquished Creatures
  An orc priest (D:4)
  2 orc wizards (D:4)
  7 gnolls
  An adder (D:3)
  2 oozes (D:3)
  2 worms
  2 dart slugs (D:1)
  2 giant geckos
  5 orcs
  3 bats
  2 giant cockroaches
  4 hobgoblins
  4 jackals (D:1)
  3 kobolds
  A quokka (D:3)
  A ball python (D:2)
  4 giant newts
  9 goblins
  7 rats
62 creatures vanquished.

Notes
Turn   | Place    | Note
-------+----------+-------------------------------------------
     0 | D:1      | Kidiri the Deep Elf Fire Elementalist began the quest for the Orb.
     0 | D:1      | Reached XP level 1. HP: 10/10 MP: 6/6
   295 | D:1      | Reached XP level 2. HP: 15/15 MP: 2/8
   311 | D:1      | Learned a level 2 spell: Throw Flame
   686 | D:1      | Reached skill level 4 in Spellcasting
  1421 | D:2      | Found an iron altar of Okawaru.
  1458 | D:2      | Reached XP level 3. HP: 19/19 MP: 7/10
  1463 | D:2      | Learned a level 3 spell: Conjure Flame
  1467 | D:2      | Learned a level 3 spell: Inner Flame
  2339 | D:3      | Reached XP level 4. HP: 19/24 MP: 7/12
  2414 | D:3      | Gained mutation: Your muscles are strong. (Str +2) [potion of mutation]
  2414 | D:3      | Gained mutation: Your magical capacity is low. (-10% MP) [potion of mutation]
  2414 | D:3      | Gained mutation: You are resistant to electric shocks. (rElec) [potion of mutation]
  2420 | D:3      | Gained mutation: You regenerate slowly when monsters are visible. [potion of mutation]
  2420 | D:3      | Gained mutation: You have large cloven feet. [potion of mutation]
  2542 | D:3      | Reached skill level 5 in Spellcasting
  2600 | D:3      | Learned a level 4 spell: Sticky Flame
  2817 | D:3      | Found a deep blue altar of Sif Muna.
  3025 | D:3      | Reached XP level 5. HP: 28/28 MP: 6/13
  3432 | D:4      | Reached skill level 6 in Spellcasting
  3450 | D:4      | Noticed Grinder
  3452 | D:4      | Slain by Grinder

Vault maps used:
D:1:      matt_arrival_diagonals
D:2:      nicolae_overflow_hidden_temple
D:3:      nicolae_overflow_crystal_walls
D:4:      first_bread, nemelex_diamond_rough_becter, uniq_grinder,
          uniq_blork_the_orc

Skill      XL: |  1  2  3  4  5 |
---------------+----------------+-----
Spellcasting   | 4 5 6 |  6.5
Conjurations   | 2 |  2.9
Fire Magic     | 4 |  4.4
Dodging        | |  2.4
Stealth        | |  2.4

Action                   |  1- 3 |  4- 6 || total
-------------------------+-------+-------++-------
Melee: Dagger            |    23 |     4 ||    27
       Kick              |       |     1 ||     1
 Cast: Flame Tongue      |    45 |    47 ||    92
       Throw Flame       |    12 |    14 ||    26
       Conjure Flame     |       |     1 ||     1
       Sticky Flame      |       |     1 ||     1
       Inner Flame       |       |     1 ||     1
  Use: Scroll            |     9 |     5 ||    14
       Potion            |       |     3 ||     3
 Stab: Sleeping          |     2 |     2 ||     4
  Eat: Chunk             |     4 |     4 ||     8
Armor: Robe              |     3 |     4 ||     7
Dodge: Dodged            |    32 |     9 ||    41
